Workbook

Sheet Instructions
A5: EPS - PE Template - Stock Valuation model
B8: Links: | D8: Option Samurai | I8: Installation help
D9: Excel integration help article | I9: Blog post about this template
A12: Description
B14: This template is designed to help you understand a company's intrinsic value - The value in which you would be indifferent to holding the company. This workbook uses the PE-EPS valuation model, where you estimate the future PE ratio (Price to Earnings ratio) and the future EPS (Earnings Per Share) to calculate the company's fair price. This model is best suited for profitable and growing companies. Read more in our blog or see the Youtube video to see an example use case.
A25: Instructions
B27: 1. In the input tab, Change Ticker, current financial year, and the expected return (discount rate). 2. In the EPS-PE Model Tab: See the Future EPS in row #13 and edit it in row #11 if you need. 3. Edit the future PE ratio in row #20. You can see the current PE ratio. 4. Check the fair value in different scenarios. 5. You can check the sensitivity of your assumptions in the sensitivity analysis tab

Sheet Input
B3: Ticker | C3: NFLX | F3: Input
B4: Current Year | C4: 2021 | F4: Input
B5: Expected Return | C5: 0.1 | F5: Input
B7: Price | C7: {=_xldudf_OPTIONSAMURAI_STOCK($C$3, F7)} -> 343.3 | F7: stock_last
B8: PE | C8: {=_xldudf_OPTIONSAMURAI_STOCK($C$3, F8)} -> 32.23 | F8: p_e
B9: EPS (TTM) | C9: {=_xldudf_OPTIONSAMURAI_STOCK($C$3, F9)} -> 10.68 | F9: eps_ttm
B10: EPS Growth (Next Year) | C10: {=_xldudf_OPTIONSAMURAI_STOCK($C$3, F10)} -> 0.2969 | F10: eps_growth_next_y
B11: EPS Growth (Next 5 Years) | C11: {=_xldudf_OPTIONSAMURAI_STOCK($C$3, F11)} -> 0.1686 | F11: eps_growth_next_5y
B12: EPS Growth (Past 5 Years) | C12: {=_xldudf_OPTIONSAMURAI_STOCK($C$3, F12)} -> 0.905 | F12: eps_growth_past_5y
B14: Analysts' Recom | C14: {=_xldudf_OPTIONSAMURAI_STOCK($C$3, F14)} -> 2.1 | F14: recom
B15: Change in recom over the last month | C15: {=_xldudf_OPTIONSAMURAI_STOCK($C$3, F15)} -> 0 | F15: recom_change_last_m
B16: Change in recom over the last 6 months | C16: {=_xldudf_OPTIONSAMURAI_STOCK($C$3, F16)} -> 0 | F16: recom_change_last_6m
B17: Analysts' target price | C17: {=_xldudf_OPTIONSAMURAI_STOCK($C$3, F17)} -> 0.48089135 | D17: =C7*(1+C17) -> 508.39 | F17: target_price_percent
B18: Stock Score | C18: {=_xldudf_OPTIONSAMURAI_STOCK($C$3, F18)} -> 7/7/5 | F18: stock_score
B20: 52w High | C20: {=_xldudf_OPTIONSAMURAI_STOCK($C$3, F20)} -> -0.5103 | D20: =C7/(1+C20) -> 701.04145 | F20: w_high_52d
B21: 52w Low | C21: {=_xldudf_OPTIONSAMURAI_STOCK($C$3, F21)} -> 0.0409 | D21: =C7/(1+C21) -> 329.81074 | F21: w_low_52d

Sheet EPS-PE Model
C3: PE EPS Model Analysts
C5: Years | D5: =Input!C4 -> 2021 | E5: =D5+1 -> 2022 | F5: =E5+1 -> 2023 | G5: =F5+1 -> 2024
C7: EPS | D7: =Input!C9 -> 10.68 | E7: =D7*(1+E8) -> 13.850892 | F7: =E7*(1+F9) -> 16.186152 | G7: =F7*(1+G9) -> 18.915138
C8: EPS Growth Next year | E8: =Input!C10 -> 0.2969
C9: EPS growth next 5y | F9: =Input!C11 -> 0.1686 | G9: =F9 -> 0.1686
C11: Bypass
C13: EPS | D13: =IF(D11=0,D7,D11) -> 10.68 | E13: =IF(E11=0,E7,E11) -> 13.850892 | F13: =IF(F11=0,F7,F11) -> 16.186152 | G13: =IF(G11=0,G7,G11) -> 18.915138
E14: =E13/D13-1 -> 0.2969 | F14: =F13/E13-1 -> 0.1686 | G14: =G13/F13-1 -> 0.1686
C16: Model CAGR Growth | D16: =(G13/D13)^(1/3)-1 -> 0.20989055 | G16: =IF(D16>D17*1.05,1,IF(D16<D17*0.9,-1,0)) -> -1
C17: Compare: Historical Growth | D17: =Input!C12 -> 0.905 | F17: =IF(G16=-1,"Model growth is below historical growth = More conservative",IF(G16=1,"Model growth is higher than historical growth = make sure there is a good reason","Model Growth is similar to historical growth")) -> Model growth is below historical growth = More conservative
C19: PE | D19: =Input!C8 -> 32.23
C20: PE Bypass
C21: PE | D21: =IF(D20=0,D19,D20) -> 32.23
C23: Future Price | D23: =D21*G13 -> 609.63489
C24: Present Value | D24: =PV(Input!C5,3,0,-D23) -> 458.02771
C26: Market Price | D26: =Input!C7 -> 343.3
C27: Change | D27: =D24/D26-1 -> 0.33419084
C29: Scenarios | E29: Price | F29: Change | G29: CAGR
C30: ="Future Price if PE is "&$D$21 -> Future Price if PE is 32.23 | E30: =D23 -> 609.63489 | F30: =E30/$D$26-1 -> 0.775808 | G30: =(E30/$D$26)^(1/3)-1 -> 0.21096615
C31: ="Future Price if PE is "&$D$21*0.75 -> Future Price if PE is 24.1725 | E31: =$G$13*$D$21*0.75 -> 457.22617 | F31: =E31/$D$26-1 -> 0.331856 | G31: =(E31/$D$26)^(1/3)-1 -> 0.10023576
C32: ="Future Price if PE is "&ROUND($D$21*1.25,1) -> Future Price if PE is 40.3 | E32: =$G$13*$D$21*1.25 -> 762.04361 | F32: =E32/$D$26-1 -> 1.21976 | G32: =(E32/$D$26)^(1/3)-1 -> 0.30447374
C33: ="Future Price if PEG=2 (PE= "&ROUND(D16*100*2,1)&")" -> Future Price if PEG=2 (PE= 42) | E33: =$G$13*D16*100*2 -> 794.02173 | F33: =E33/$D$26-1 -> 1.3129092 | G33: =(E33/$D$26)^(1/3)-1 -> 0.32247112
C34: ="Future Price if PEG=1 (PE= "&ROUND(D16*100,1)&")" -> Future Price if PEG=1 (PE= 21) | E34: =$G$13*D16*100 -> 397.01087 | F34: =E34/$D$26-1 -> 0.1564546 | G34: =(E34/$D$26)^(1/3)-1 -> 0.04964602
C35: Analyst Target | E35: =Input!D17 -> 508.39 | F35: =E35/$D$26-1 -> 0.48089135 | G35: =(E35/$D$26)^(1/3)-1 -> 0.13983258
C36: 52w High | E36: =Input!D20 -> 701.04145 | F36: =E36/$D$26-1 -> 1.0420666 | G36: =(E36/$D$26)^(1/3)-1 -> 0.26869326
C37: 52w Low | E37: =Input!D21 -> 329.81074 | F37: =E37/$D$26-1 -> -0.03929292 | G37: =(E37/$D$26)^(1/3)-1 -> -0.013273034

Sheet Sensitivity Analysis
C3: Sensitivity Analysis | H3: Present Value
H4: Growth\PE | I4: =L4*0.5 -> 16.115 | J4: =L4*0.75 -> 24.1725 | K4: =L4*0.9 -> 29.007 | L4: =D7 -> 32.23 | M4: =L4*1.1 -> 35.453 | N4: =L4*1.25 -> 40.2875 | O4: =L4*1.5 -> 48.345 | P4: =D12 -> 20
C5: Model Growth | D5: ='EPS-PE Model'!D16 -> 0.20989055 | E5: From Model | H5: =H9*0.5 -> 0.10494528 | I5: =PV($D$8,3,0,-FV($H5,3,0,-$D$6,)*I$4) -> 174.43989 | J5: =PV($D$8,3,0,-FV($H5,3,0,-$D$6,)*J$4) -> 261.65984 | K5: =PV($D$8,3,0,-FV($H5,3,0,-$D$6,)*K$4) -> 313.99181 | L5: =PV($D$8,3,0,-FV($H5,3,0,-$D$6,)*L$4) -> 348.87979 | M5: =PV($D$8,3,0,-FV($H5,3,0,-$D$6,)*M$4) -> 383.76777 | N5: =PV($D$8,3,0,-FV($H5,3,0,-$D$6,)*N$4) -> 436.09974 | O5: =PV($D$8,3,0,-FV($H5,3,0,-$D$6,)*O$4) -> 523.31968
C6: EPS today | D6: ='EPS-PE Model'!D7 -> 10.68 | E6: From Input | H6: =H9*0.7 -> 0.14692339 | I6: =PV($D$8,3,0,-FV($H6,3,0,-$D$6,)*I$4) -> 195.08628 | J6: =PV($D$8,3,0,-FV($H6,3,0,-$D$6,)*J$4) -> 292.62942 | K6: =PV($D$8,3,0,-FV($H6,3,0,-$D$6,)*K$4) -> 351.15531 | L6: =PV($D$8,3,0,-FV($H6,3,0,-$D$6,)*L$4) -> 390.17256 | M6: =PV($D$8,3,0,-FV($H6,3,0,-$D$6,)*M$4) -> 429.18982 | N6: =PV($D$8,3,0,-FV($H6,3,0,-$D$6,)*N$4) -> 487.7157 | O6: =PV($D$8,3,0,-FV($H6,3,0,-$D$6,)*O$4) -> 585.25884
C7: PE in 3 Years | D7: ='EPS-PE Model'!D21 -> 32.23 | E7: From Model | H7: =H9*0.8 -> 0.16791244 | I7: =PV($D$8,3,0,-FV($H7,3,0,-$D$6,)*I$4) -> 205.9939 | J7: =PV($D$8,3,0,-FV($H7,3,0,-$D$6,)*J$4) -> 308.99085 | K7: =PV($D$8,3,0,-FV($H7,3,0,-$D$6,)*K$4) -> 370.78902 | L7: =PV($D$8,3,0,-FV($H7,3,0,-$D$6,)*L$4) -> 411.9878 | M7: =PV($D$8,3,0,-FV($H7,3,0,-$D$6,)*M$4) -> 453.18658 | N7: =PV($D$8,3,0,-FV($H7,3,0,-$D$6,)*N$4) -> 514.98475 | O7: =PV($D$8,3,0,-FV($H7,3,0,-$D$6,)*O$4) -> 617.9817
C8: Expected Return | D8: =Input!C5 -> 0.1 | E8: From Input | H8: =H9*0.9 -> 0.1889015 | I8: =PV($D$8,3,0,-FV($H8,3,0,-$D$6,)*I$4) -> 217.3007 | J8: =PV($D$8,3,0,-FV($H8,3,0,-$D$6,)*J$4) -> 325.95105 | K8: =PV($D$8,3,0,-FV($H8,3,0,-$D$6,)*K$4) -> 391.14126 | L8: =PV($D$8,3,0,-FV($H8,3,0,-$D$6,)*L$4) -> 434.6014 | M8: =PV($D$8,3,0,-FV($H8,3,0,-$D$6,)*M$4) -> 478.06154 | N8: =PV($D$8,3,0,-FV($H8,3,0,-$D$6,)*N$4) -> 543.25175 | O8: =PV($D$8,3,0,-FV($H8,3,0,-$D$6,)*O$4) -> 651.9021
C9: Current Price | D9: ='EPS-PE Model'!D26 -> 343.3 | E9: From Input | H9: =D5 -> 0.20989055 | I9: =PV($D$8,3,0,-FV($H9,3,0,-$D$6,)*I$4) -> 229.01386 | J9: =PV($D$8,3,0,-FV($H9,3,0,-$D$6,)*J$4) -> 343.52079 | K9: =PV($D$8,3,0,-FV($H9,3,0,-$D$6,)*K$4) -> 412.22494 | L9: =PV($D$8,3,0,-FV($H9,3,0,-$D$6,)*L$4) -> 458.02771 | M9: =PV($D$8,3,0,-FV($H9,3,0,-$D$6,)*M$4) -> 503.83049 | N9: =PV($D$8,3,0,-FV($H9,3,0,-$D$6,)*N$4) -> 572.53464 | O9: =PV($D$8,3,0,-FV($H9,3,0,-$D$6,)*O$4) -> 687.04157
H10: =H9*1.1 -> 0.23087961 | I10: =PV($D$8,3,0,-FV($H10,3,0,-$D$6,)*I$4) -> 241.14054 | J10: =PV($D$8,3,0,-FV($H10,3,0,-$D$6,)*J$4) -> 361.71081 | K10: =PV($D$8,3,0,-FV($H10,3,0,-$D$6,)*K$4) -> 434.05298 | L10: =PV($D$8,3,0,-FV($H10,3,0,-$D$6,)*L$4) -> 482.28109 | M10: =PV($D$8,3,0,-FV($H10,3,0,-$D$6,)*M$4) -> 530.50919 | N10: =PV($D$8,3,0,-FV($H10,3,0,-$D$6,)*N$4) -> 602.85136 | O10: =PV($D$8,3,0,-FV($H10,3,0,-$D$6,)*O$4) -> 723.42163
C11: User Inputs | H11: =H9*1.2 -> 0.25186866 | I11: =PV($D$8,3,0,-FV($H11,3,0,-$D$6,)*I$4) -> 253.68793 | J11: =PV($D$8,3,0,-FV($H11,3,0,-$D$6,)*J$4) -> 380.5319 | K11: =PV($D$8,3,0,-FV($H11,3,0,-$D$6,)*K$4) -> 456.63828 | L11: =PV($D$8,3,0,-FV($H11,3,0,-$D$6,)*L$4) -> 507.37586 | M11: =PV($D$8,3,0,-FV($H11,3,0,-$D$6,)*M$4) -> 558.11345 | N11: =PV($D$8,3,0,-FV($H11,3,0,-$D$6,)*N$4) -> 634.21983 | O11: =PV($D$8,3,0,-FV($H11,3,0,-$D$6,)*O$4) -> 761.0638
C12: PE | D12: 20 | E12: Input | H12: =H9*1.5 -> 0.31483583 | I12: =PV($D$8,3,0,-FV($H12,3,0,-$D$6,)*I$4) -> 293.92606 | J12: =PV($D$8,3,0,-FV($H12,3,0,-$D$6,)*J$4) -> 440.88909 | K12: =PV($D$8,3,0,-FV($H12,3,0,-$D$6,)*K$4) -> 529.06691 | L12: =PV($D$8,3,0,-FV($H12,3,0,-$D$6,)*L$4) -> 587.85212 | M12: =PV($D$8,3,0,-FV($H12,3,0,-$D$6,)*M$4) -> 646.63733 | N12: =PV($D$8,3,0,-FV($H12,3,0,-$D$6,)*N$4) -> 734.81515 | O12: =PV($D$8,3,0,-FV($H12,3,0,-$D$6,)*O$4) -> 881.77818
C13: Growth | D13: 0.15 | E13: Input | H13: =D13 -> 0.15 | P13: =PV($D$8,3,0,-FV($H13,3,0,-$D$6,)*P$4) -> 244.0713
H16: Present Value % Change
H17: Growth\PE | I17: =I4 -> 16.115 | J17: =J4 -> 24.1725 | K17: =K4 -> 29.007 | L17: =L4 -> 32.23 | M17: =M4 -> 35.453 | N17: =N4 -> 40.2875 | O17: =O4 -> 48.345 | P17: =P4 -> 20
H18: =H5 -> 0.10494528 | I18: =I5/$D$9-1 -> -0.49187331 | J18: =J5/$D$9-1 -> -0.23780996 | K18: =K5/$D$9-1 -> -0.08537195 | L18: =L5/$D$9-1 -> 0.016253389 | M18: =M5/$D$9-1 -> 0.11787873 | N18: =N5/$D$9-1 -> 0.27031674 | O18: =O5/$D$9-1 -> 0.52438008
H19: =H6 -> 0.14692339 | I19: =I6/$D$9-1 -> -0.43173236 | J19: =J6/$D$9-1 -> -0.14759854 | K19: =K6/$D$9-1 -> 0.022881755 | L19: =L6/$D$9-1 -> 0.13653528 | M19: =M6/$D$9-1 -> 0.25018881 | N19: =N6/$D$9-1 -> 0.4206691 | O19: =O6/$D$9-1 -> 0.70480293
H20: =H7 -> 0.16791244 | I20: =I7/$D$9-1 -> -0.39995951 | J20: =J7/$D$9-1 -> -0.099939265 | K20: =K7/$D$9-1 -> 0.080072882 | L20: =L7/$D$9-1 -> 0.20008098 | M20: =M7/$D$9-1 -> 0.32008908 | N20: =N7/$D$9-1 -> 0.50010122 | O20: =O7/$D$9-1 -> 0.80012147
H21: =H8 -> 0.1889015 | I21: =I8/$D$9-1 -> -0.36702388 | J21: =J8/$D$9-1 -> -0.050535825 | K21: =K8/$D$9-1 -> 0.13935701 | L21: =L8/$D$9-1 -> 0.26595223 | M21: =M8/$D$9-1 -> 0.39254746 | N21: =N8/$D$9-1 -> 0.58244029 | O21: =O8/$D$9-1 -> 0.89892835
H22: =H9 -> 0.20989055 | I22: =I9/$D$9-1 -> -0.33290458 | J22: =J9/$D$9-1 -> 0.00064312738 | K22: =K9/$D$9-1 -> 0.20077175 | L22: =L9/$D$9-1 -> 0.33419084 | M22: =M9/$D$9-1 -> 0.46760992 | N22: =N9/$D$9-1 -> 0.66773855 | O22: =O9/$D$9-1 -> 1.0012863
H23: =H10 -> 0.23087961 | I23: =I10/$D$9-1 -> -0.29758071 | J23: =J10/$D$9-1 -> 0.053628938 | K23: =K10/$D$9-1 -> 0.26435473 | L23: =L10/$D$9-1 -> 0.40483858 | M23: =M10/$D$9-1 -> 0.54532244 | N23: =N10/$D$9-1 -> 0.75604823 | O23: =O10/$D$9-1 -> 1.1072579
H24: =H11 -> 0.25186866 | I24: =I11/$D$9-1 -> -0.26103136 | J24: =J11/$D$9-1 -> 0.10845295 | K24: =K11/$D$9-1 -> 0.33014354 | L24: =L11/$D$9-1 -> 0.47793727 | M24: =M11/$D$9-1 -> 0.625731 | N24: =N11/$D$9-1 -> 0.84742159 | O24: =O11/$D$9-1 -> 1.2169059
H25: =H12 -> 0.31483583 | I25: =I12/$D$9-1 -> -0.14382155 | J25: =J12/$D$9-1 -> 0.28426767 | K25: =K12/$D$9-1 -> 0.5411212 | L25: =L12/$D$9-1 -> 0.71235689 | M25: =M12/$D$9-1 -> 0.88359258 | N25: =N12/$D$9-1 -> 1.1404461 | O25: =O12/$D$9-1 -> 1.5685353
H26: =D13 -> 0.15 | P26: =P13/$D$9-1 -> -0.28904369
